 Dungeon Crawl Stone Soup version 0.31.0-1-g2c135a008e (webtiles) character file.

Game seed: 13346804058639064169

38 qw the Shooter (level 3, -2/28 HPs)
             Began as a Djinni Hunter on Jan 23, 2024.
             Slain by a gnoll
             ... wielding a +0 whip
              (8 damage)
             ... on level 2 of the Dungeon.
             The game lasted 00:00:04 (1082 turns).

qw the Shooter (Djinni Hunter)                      Turns: 1082, Time: 00:00:05

Health: -2/28      AC:  5    Str: 10    XL:     3   Next: 65%
Gold:   167        EV: 11    Int: 10    God:
                   SH:  0    Dex: 18

rFire   + + .        a - +0 shortbow
rCold   x . .        (shield currently unavailable)
rNeg    . . .        e - +0 ring mail
rPois   inf          (no helmet)
rElec   .            (no cloak)
rCorr   +            (no gloves)
SInv    .            (boots unavailable)
Will    .....        (no amulet)
Stlth   +            i - ring of resist corrosion
HPRegen 0.24/turn    (no ring)
MPRegen 0.00/turn

%: infuse magic (-3 HP)
@: about to teleport, flying
A: sickness immunity, fire resistance 2, cold vulnerability 1, float, innate
caster, HP casting, extra vitality 1
a: no special abilities


You were on level 2 of the Dungeon.
You visited 1 branch of the dungeon, and saw 2 of its levels.

You collected 167 gold pieces.


Innate Abilities, Weirdness & Mutations

You are immune to sickness and miasma.
You are immune to poison.
Your flesh is very heat resistant. (rF++)
You are vulnerable to cold. (rC-)
You float through the air rather than walking.
You learn spells naturally, not from books.
Your magical power is your life essence.
You have superior vitality. (+4 MHP)


   Skills:
 + Level 2.3 Fighting
 - Level 4.0 Ranged Weapons
 - Level 1.0 Armour
 - Level 2.1 Dodging
 - Level 0.7 Stealth


You knew the following spells:

 Your Spells              Type           Power      Damage    Failure   Level
a - Slow                  Hex            0%         N/A       67%         1
Your spell library was empty.

Inventory:

Hand Weapons
 a - a +0 shortbow (weapon)
Armour
 e - a +0 ring mail (worn)
 g - a +0 pair of gloves
Jewellery
 h - an amulet of reflection
 i - a ring of resist corrosion (left hand)
Scrolls
 b - a scroll of fog {unknown}
 c - a scroll of identify
 d - a scroll of teleportation
Potions
 f - a potion of heal wounds
 j - a potion of enlightenment {unknown}

Dungeon Overview and Level Annotations

Branches:
Dungeon (2/15)

Altars:


Message History

Enter note:
Enter note:
Enter note:
1071 ||| RETREEEEATING.
Enter note:
Enter note:
1072 ||| RETREEEEATING.
You shoot an arrow. The arrow hits the gnoll.
The gnoll is lightly wounded.
You shoot an arrow. The arrow barely misses the gnoll.
The gnoll hits you with a +0 whip!
You shoot an arrow. The arrow completely misses the gnoll.
The arrow barely misses the gnoll.
The gnoll barely misses you. The gnoll hits you but does no damage.
The gnoll misses you.
Enter note:
Enter note:
1076 ||| RETREEEEATING.
Enter note:
Enter note:
1077 ||| RETREEEEATING.
You shoot an arrow. The arrow hits the gnoll!
The gnoll is severely wounded.
The gnoll hits you with a +0 whip.
You shoot an arrow.
The arrow hits the gnoll but does no damage.
The gnoll is severely wounded.
The gnoll barely misses you.
You shoot an arrow. The arrow hits the gnoll.
The gnoll is severely wounded.
The gnoll barely misses you. The gnoll hits you with a +0 whip.
You shoot an arrow. The arrow closely misses the gnoll.
The arrow hits the gnoll.
The gnoll is lightly wounded.
The gnoll hits you with a +0 whip!
1082 ||| READING 2 scrolls of teleportation.
As you read the scroll of teleportation, it crumbles to dust.
You feel strangely unstable. The gnoll hits you with a +0 whip!
You die...

..... #......... ###.#
.....g#......... #...#
......#......... #.###
......'......... #.# #
#......... #.# # #.........
#.# # #gg....... #.###
#......# #g######## #....
#......# #@################
#......# #................#
#......# ################.#
#......# #...###########.#
#......# #<#..............
#......####.##############.
#...........# #.
#####'####### #. #.# ##


You could see 3 gnolls.

Vanquished Creatures
  A ribbon worm (D:2)
  An endoplasm (D:1)
  A giant cockroach (D:1)
  3 hobgoblins
  12 jackals
  3 ball pythons
  3 bats
  3 frilled lizards
  3 goblins
  A kobold (D:1)
  A rat (D:2)
32 creatures vanquished.

Notes
Turn   | Place    | Note
-------+----------+-------------------------------------------
     0 | D:1      | qw the Djinni Hunter began the quest for the Orb.
     0 | D:1      | Reached XP level 1. HP: 18/18 MP: 0/0
     0 | D:1      | 0 ||| qw: Version: 0.3-a-136-gdd3b4e8
     0 | D:1      | 0 ||| qw: Game counter: 1012
     0 | D:1      | 0 ||| qw: Melee chars always use a shield: true
     0 | D:1      | 0 ||| qw: God list: Okawaru
     0 | D:1      | 0 ||| qw: Allow faded altars: false
     0 | D:1      | 0 ||| qw: Do Orc after clearing Dungeon:15 true
     0 | D:1      | 0 ||| qw: Do second Lair branch before Depths: true
     0 | D:1      | 0 ||| qw: Lair rune preference: random
     0 | D:1      | 0 ||| qw: Goals: Normal
     0 | D:1      | 0 ||| PLANNING D:1-11
    58 | D:1      | Found Kywkump's Antique Weapon Shop.
   146 | D:1      | Reached XP level 2. HP: 20/23 MP: 0/0
   525 | D:1      | 525 ||| UPGRADING to +0 ring mail.
   535 | D:1      | 535 ||| DROPPING +0 leather armour.
   536 | D:1      | 536 ||| UPGRADING to ring of resist corrosion.
   537 | D:1      | 537 ||| READING 2 scrolls labelled MUESIYS VA GUPI.
   541 | D:1      | 541 ||| READING scroll labelled WANINT BUREISE.
   541 | D:1      | 541 ||| IDENTIFYING viscous pink potion
   542 | D:1      | 542 ||| READING scroll labelled OKECKA IHOIMEK.
   643 | D:1      | 643 ||| DRINKING 2 blue potions.
   644 | D:1      | 644 ||| DROPPING scroll of butterflies.
   645 | D:1      | 645 ||| DROPPING potion of attraction.
   707 | D:2      | Reached XP level 3. HP: 28/28 MP: 0/0
   707 | D:2      | Learned a level 1 spell: Slow
   768 | D:2      | Reached skill level 4 in Ranged Weapons
   828 | D:2      | Reached skill level 1 in Armour
   881 | D:2      | 881 ||| RETREEEEATING.
   882 | D:2      | 882 ||| RETREEEEATING.
   943 | D:2      | Noticed a golden eye
   946 | D:2      | Found a faded altar of an unknown god.
   948 | D:2      | Noticed an eye of devastation
   958 | D:2      | Noticed an eye of devastation
   961 | D:2      | Noticed a golden eye
  1071 | D:2      | 1071 ||| RETREEEEATING.
  1072 | D:2      | 1072 ||| RETREEEEATING.
  1076 | D:2      | 1076 ||| RETREEEEATING.
  1077 | D:2      | 1077 ||| RETREEEEATING.
  1081 | D:2      | HP: 5/28 [gnoll/+0 whip (7)]
  1082 | D:2      | 1082 ||| READING 2 scrolls of teleportation.
  1082 | D:2      | Slain by a gnoll

Levels and vault maps discovered:
D:1:      shiori_arrival_elements, layout_basic, serial_shops, shop_coins
D:2:      layout_basic, hellmonk_ecumenical_altar_watching_god,
          nrook_mini_vaults

Skill      XL: |  1  2  3 |
---------------+----------+-----
Ranged Weapons | 4 |  4.0
Armour         | 1 |  1.0
Fighting       | |  2.3
Dodging        | |  2.1
Stealth        | |  0.7

Action                     || total
---------------------------++-------
   Fire: Shortbow          ||    98
    Use: Scroll            ||     4
         Potion            ||     1
 Armour: Leather armour    ||     9
         Ring mail         ||    37
  Dodge: Dodged            ||    38

Table legend:
 A = Non-vault XP
 B = Vault XP
 C = Vault XP percentage of total XP
 D = Non-vault monster count
 E = Vault monster count
 F = Vault count percentage of total count
                 A         B        C        D         E       F
            +---------+---------+-------+---------+---------+-------
      Total |      55 |       0 |   0.0 |      32 |       0 |   0.0
            +---------+---------+-------+---------+---------+-------
        D:1 |      27 |       0 |   0.0 |      17 |       0 |   0.0
        D:2 |      28 |       0 |   0.0 |      15 |       0 |   0.0
            +---------+---------+-------+---------+---------+-------
